| TOP OF THE 1ST |
|
Minnesota (NYP) Twins batting - Pitching for Everett AquaSox : RHP Jose Albarran
|
|
Pitching: RHP Jose Albarran
|
|
|
Batting: LHB Chris Munguia
|
0-0: Ground out 6-3 (Groundball, P, EV 85.6 MPH)
|
|
Batting: LHB Seung-jun Chang
|
0-0: Ball 1-0: Foul Ball, location: 2F 1-1: Ball 2-1: Ground out 5-3 (Groundball, 56, EV 92.5 MPH)
|
|
Batting: RHB Miguel Diaz
|
0-0: Ball 1-0: Called Strike 1-1: Foul Ball, location: 2F 1-2: Foul Ball, location: 2F 1-2: Ball 2-2: Strikes out swinging
|
| Top of the 1st over - 0 runs, 0 hits, 0 errors, 0 left on base; Minnesota (NYP) 0 - Everett 0 |
| BOTTOM OF THE 1ST |
|
Everett AquaSox batting - Pitching for Minnesota (NYP) Twins : LHP Mike Horton
|
|
Pitching: LHP Mike Horton
|
|
|
Batting: SHB Raghnall Ahearne
|
0-0: Called Strike 0-1: Ball 1-1: Ball 2-1: Foul Ball, location: 2F 2-2: Foul Ball, location: 2F 2-2: Foul Ball, location: 2F 2-2: Ball 3-2: Foul Ball, location: 2F 3-2: Base on Balls
|
|
Batting: LHB Kenny Gerrity
|
0-0: Ball 1-0: Swinging Strike 1-1: Ball 2-1: DOUBLE (Flyball, 78XD, EV 100.0 MPH) Raghnall Ahearne to third
|
|
Batting: RHB John Peterson
|
0-0: Called Strike 0-1: Swinging Strike 0-2: Ball 1-2: Strikes out swinging
|
|
Batting: RHB Robby Cuellar
|
0-0: Ball 1-0: Called Strike 1-1: Called Strike 1-2: Ball 2-2: Ball 3-2: Base on Balls
|
|
Batting: RHB Justin Colella
|
0-0: Ball 1-0: Called Strike 1-1: Foul Ball, location: 2F 1-2: Fielders Choice at 2nd, 5-4 (Groundball, 56S, EV 80.0 MPH) Raghnall Ahearne scores Kenny Gerrity to third
|
|
Batting: LHB Omar Colunga
|
0-0: Ball 1-0: Ball 2-0: Ball 3-0: Base on Balls Justin Colella to second
|
|
Batting: SHB Detlef Oursler
|
0-0: Ball 1-0: Foul Ball, location: 2F 1-1: Foul Ball, location: 2F 1-2: Ball 2-2: Ground out U3 (Groundball, 34S, EV 91.3 MPH)
|
| Bottom of the 1st over - 1 run, 1 hit, 0 errors, 3 left on base; Minnesota (NYP) 0 - Everett 1 |
| TOP OF THE 2ND |
|
Minnesota (NYP) Twins batting - Pitching for Everett AquaSox : RHP Jose Albarran
|
|
Batting: RHB Sean Gould
|
0-0: Fly out, F5 (Popup, 56, EV 76.3 MPH)
|
|
Batting: RHB David Nardone
|
0-0: Called Strike 0-1: Ground out 4-3 (Groundball, 4, EV 105.0 MPH)
|
|
Batting: RHB Graham Calvert
|
0-0: Foul Ball, location: 2F 0-1: Ground out 6-3 (Groundball, 6, EV 92.5 MPH)
|
| Top of the 2nd over - 0 runs, 0 hits, 0 errors, 0 left on base; Minnesota (NYP) 0 - Everett 1 |
| BOTTOM OF THE 2ND |
|
Everett AquaSox batting - Pitching for Minnesota (NYP) Twins : LHP Mike Horton
|
|
Batting: RHB Clay Statum
|
0-0: Called Strike 0-1: Ball 1-1: Ball 2-1: Ball 3-1: Base on Balls
|
|
Batting: RHB Chris Van Niel
|
0-0: Ball 1-0: Ball 2-0: Ball 3-0: Base on Balls Clay Statum to second
|
|
Batting: SHB Raghnall Ahearne
|
0-0: Called Strike 0-1: Ball 1-1: SINGLE (Line Drive, 3D, EV 96.9 MPH) Clay Statum to third Chris Van Niel to second
|
|
Batting: LHB Kenny Gerrity
|
0-0: Swinging Strike 0-1: Ball 1-1: Ball 2-1: Ball 3-1: Foul Ball, location: 2F 3-2: SINGLE (Flyball, 9LS, EV 95.6 MPH) Clay Statum scores Chris Van Niel to third Raghnall Ahearne to second
|
|
Batting: RHB John Peterson
|
0-0: Called Strike 0-1: Ball 1-1: Ball 2-1: SINGLE (Line Drive, 89S, EV 96.9 MPH) Chris Van Niel scores Raghnall Ahearne to third Kenny Gerrity to second Runner from 3rd tries for Home, SAFE, throw by RF to home
|
|
Batting: RHB Robby Cuellar
|
0-0: Ball 1-0: Ball 2-0: Ball 3-0: Called Strike 3-1: Grounds into double play, 4-6-3 (Groundball, 4, EV 83.8 MPH) Kenny Gerrity to third
|
|
Batting: RHB Justin Colella
|
0-0: Swinging Strike 0-1: Ball 1-1: Foul Ball, location: 2F 1-2: Strikes out swinging
|
| Bottom of the 2nd over - 3 runs, 3 hits, 0 errors, 1 left on base; Minnesota (NYP) 0 - Everett 4 |
| TOP OF THE 3RD |
|
Minnesota (NYP) Twins batting - Pitching for Everett AquaSox : RHP Jose Albarran
|
|
Batting: RHB Tony Crespo
|
0-0: Ball 1-0: SINGLE (Groundball, 4MD, EV 100.0 MPH)
|
|
Batting: SHB Donell Burney
|
0-0: Called Strike 0-1: Fielders Choice at 2nd, 3-6 (Groundball, 3, EV 82.5 MPH)
|
|
Batting: RHB Manuel Juarez
|
0-0: Called Strike 0-1: Ball 1-1: Called Strike Donell Burney steals 2nd base 1-2: Fly out, F5 (Popup, 56S, EV 76.3 MPH)
|
|
Batting: LHB Chris Munguia
|
0-0: Ball 1-0: Ball 2-0: Ground out 5-3 (Groundball, 5, EV 105.0 MPH)
|
| Top of the 3rd over - 0 runs, 1 hit, 0 errors, 1 left on base; Minnesota (NYP) 0 - Everett 4 |
| BOTTOM OF THE 3RD |
|
Everett AquaSox batting - Pitching for Minnesota (NYP) Twins : LHP Mike Horton
|
|
Batting: LHB Omar Colunga
|
0-0: SINGLE (Groundball, 34D, EV 104.4 MPH)
|
|
Batting: SHB Detlef Oursler
|
0-0: Ball 1-0: Ball 2-0: Swinging Strike 2-1: Called Strike 2-2: 2-RUN HOME RUN (Flyball, 78XD, EV 103.1 MPH), Distance : 401 ft
|
|
Pitching: RHP Kevin Colgin
|
|
|
Batting: RHB Clay Statum
|
0-0: Foul Ball, location: 2F 0-1: SINGLE (Groundball, 4D, EV 103.8 MPH)
|
|
Batting: RHB Chris Van Niel
|
0-0: Ball 1-0: Swinging Strike 1-1: Foul Ball, location: 2F 1-2: Foul Ball, location: 2F 1-2: Ball Passed Ball! Clay Statum to second 2-2: Ball 3-2: Foul Ball, location: 2F 3-2: Ground out 6-3 (Groundball, 6, EV 88.8 MPH)
|
|
Batting: SHB Raghnall Ahearne
|
0-0: Ball 1-0: Called Strike 1-1: Fly out, F8 (Flyball, 8LD, EV 75.6 MPH)
|
|
Batting: LHB Kenny Gerrity
|
0-0: Called Strike 0-1: Ball 1-1: Called Strike 1-2: DOUBLE (Line Drive, 78XD, EV 110.0 MPH) Clay Statum scores
|
|
Batting: RHB John Peterson
|
0-0: Foul Ball, location: 2F 0-1: Ball 1-1: SINGLE (Groundball, 6MD, EV 102.5 MPH) Kenny Gerrity to third Runner from 3rd tries for Home, SAFE, throw by CF to home John Peterson to second
|
|
Pitching: RHP Matt Lundy
|
|
|
Batting: RHB Robby Cuellar
|
0-0: Ball 1-0: Ball 2-0: Ball 3-0: Called Strike 3-1: Base on Balls
|
|
Batting: RHB Justin Colella
|
0-0: Ball 1-0: Ball 2-0: Called Strike 2-1: Foul Ball, location: 2F 2-2: Ball 3-2: Base on Balls John Peterson to third Robby Cuellar to second
|
|
Batting: LHB Omar Colunga
|
0-0: Called Strike 0-1: Ball 1-1: Ball 2-1: SINGLE (Groundball, 34D, EV 105.0 MPH) John Peterson scores Robby Cuellar to third Justin Colella to second Runner from 3rd tries for Home, SAFE, throw by RF to home
|
|
Batting: SHB Detlef Oursler
|
0-0: Ground out U3 (Groundball, 3L, EV 109.4 MPH)
|
| Bottom of the 3rd over - 6 runs, 6 hits, 0 errors, 2 left on base; Minnesota (NYP) 0 - Everett 10 |
| TOP OF THE 4TH |
|
Minnesota (NYP) Twins batting - Pitching for Everett AquaSox : RHP Jose Albarran
|
|
Batting: LHB Seung-jun Chang
|
0-0: Foul Ball, location: 2F 0-1: DOUBLE (Line Drive, 89M, EV 93.1 MPH)
|
|
Batting: RHB Miguel Diaz
|
0-0: Called Strike 0-1: Called Strike 0-2: Strikes out swinging
|
|
Batting: RHB Sean Gould
|
0-0: Ball Seung-jun Chang steals 3rd base (no throw) 1-0: Foul Ball, location: 2F 1-1: Called Strike 1-2: Strikes out looking
|
|
Batting: RHB David Nardone
|
0-0: Foul Ball, location: 2F 0-1: Ball 1-1: Ball 2-1: Swinging Strike 2-2: Ball 3-2: Strikes out swinging
|
| Top of the 4th over - 0 runs, 1 hit, 0 errors, 1 left on base; Minnesota (NYP) 0 - Everett 10 |
| BOTTOM OF THE 4TH |
|
Everett AquaSox batting - Pitching for Minnesota (NYP) Twins : RHP Matt Lundy
|
|
Batting: RHB Clay Statum
|
0-0: Swinging Strike 0-1: Called Strike 0-2: Ball 1-2: Fly out, F3 (Flyball, 3D, EV 91.9 MPH)
|
|
Pitching: RHP Ruben Torres
|
|
|
Batting: RHB Chris Van Niel
|
0-0: Foul Ball, location: 2F 0-1: Ball 1-1: Ball 2-1: SINGLE (Groundball, 56S, EV 70.0 MPH) (infield hit)
|
|
Batting: SHB Raghnall Ahearne
|
0-0: Called Strike 0-1: Swinging Strike 0-2: Foul Ball, location: 2F 0-2: Ball 1-2: Foul Ball, location: 2F 1-2: Ball 2-2: Foul Ball, location: 2F 2-2: Grounds out, U3 (Groundball, 3L, EV 100.0 MPH)
|
|
Batting: LHB Kenny Gerrity
|
0-0: Ball 1-0: Fly out, F9 (Flyball, 9D, EV 98.8 MPH)
|
| Bottom of the 4th over - 0 runs, 1 hit, 0 errors, 1 left on base; Minnesota (NYP) 0 - Everett 10 |
| TOP OF THE 5TH |
|
Minnesota (NYP) Twins batting - Pitching for Everett AquaSox : RHP Jose Albarran
|
|
Batting: RHB Graham Calvert
|
0-0: Foul Ball, location: 2F 0-1: Swinging Strike 0-2: Ball 1-2: Ball 2-2: Ball 3-2: Base on Balls
|
|
Batting: RHB Tony Crespo
|
0-0: Called Strike 0-1: Ball 1-1: Ball 2-1: Ball 3-1: Base on Balls Graham Calvert to second
|
|
Batting: SHB Donell Burney
|
0-0: Ball 1-0: Ball 2-0: Foul Ball, location: 2F 2-1: SINGLE (Line Drive, 8LS, EV 86.3 MPH) Graham Calvert to third Tony Crespo to second
|
|
Batting: RHB Manuel Juarez
|
0-0: TRIPLE (Flyball, 89XD, EV 107.5 MPH) Graham Calvert scores Tony Crespo scores Donell Burney scores
|
|
Batting: LHB Chris Munguia
|
0-0: Ball 1-0: Foul Ball, location: 2F 1-1: SINGLE (Flyball, 6D, EV 95.0 MPH) Manuel Juarez scores
|
|
Batting: LHB Seung-jun Chang
|
0-0: Ball 1-0: Called Strike 1-1: Swinging Strike 1-2: Ball 2-2: Foul Ball, location: 2F 2-2: Foul Ball, location: 2F 2-2: DOUBLE (Flyball, 8LXD, EV 98.1 MPH) Chris Munguia to third
|
|
Batting: RHB Miguel Diaz
|
0-0: Ball 1-0: Ball 2-0: Foul Ball, location: 2F 2-1: Swinging Strike 2-2: Strikes out swinging
|
|
Batting: RHB Sean Gould
|
0-0: Called Strike 0-1: Ball 1-1: Called Strike 1-2: Foul Ball, location: 2F 1-2: Ground out U3 (Groundball, 34, EV 88.1 MPH) Chris Munguia scores Seung-jun Chang to third
|
|
Batting: RHB David Nardone
|
0-0: Ball 1-0: Called Strike 1-1: Ball 2-1: Foul Ball, location: 2F 2-2: Strikes out swinging
|
| Top of the 5th over - 5 runs, 4 hits, 0 errors, 1 left on base; Minnesota (NYP) 5 - Everett 10 |
| BOTTOM OF THE 5TH |
|
Everett AquaSox batting - Pitching for Minnesota (NYP) Twins : RHP Ruben Torres
|
|
Batting: RHB John Peterson
|
0-0: Called Strike 0-1: Foul Ball, location: 2F 0-2: Ball 1-2: Ball 2-2: Foul Ball, location: 2F 2-2: Foul Ball, location: 2F 2-2: Ball 3-2: Foul Ball, location: 2F 3-2: SINGLE (Groundball, 25, EV 68.8 MPH) (infield hit)
|
|
Batting: RHB Robby Cuellar
|
0-0: Ball 1-0: Foul Ball, location: 2F 1-1: Foul Ball, location: 2F 1-2: Grounds into double play, 4-6-3 (Groundball, 4, EV 104.4 MPH)
|
|
Batting: RHB Justin Colella
|
0-0: Called Strike 0-1: SINGLE (Groundball, 34D, EV 95.6 MPH)
|
|
Batting: LHB Omar Colunga
|
0-0: Fly out, F7 (Flyball, 7LM, EV 98.8 MPH)
|
| Bottom of the 5th over - 0 runs, 2 hits, 0 errors, 1 left on base; Minnesota (NYP) 5 - Everett 10 |
| TOP OF THE 6TH |
|
Minnesota (NYP) Twins batting - Pitching for Everett AquaSox : RHP Jose Albarran
|
|
Batting: RHB Graham Calvert
|
0-0: Ball 1-0: Foul Ball, location: 2F 1-1: Ball 2-1: Foul Ball, location: 2F 2-2: Foul Ball, location: 2F 2-2: Hit by Pitch
|
|
Batting: RHB Tony Crespo
|
0-0: Ball 1-0: Called Strike 1-1: Foul Ball, location: 2F 1-2: Ball 2-2: Fly out, F8 (Line Drive, 8RD, EV 103.1 MPH)
|
|
Batting: SHB Donell Burney
|
0-0: Called Strike 0-1: Ball 1-1: Ball 2-1: Grounds into double play, 6-4-3 (Groundball, 6, EV 85.0 MPH)
|
| Top of the 6th over - 0 runs, 0 hits, 0 errors, 0 left on base; Minnesota (NYP) 5 - Everett 10 |
| BOTTOM OF THE 6TH |
|
Everett AquaSox batting - Pitching for Minnesota (NYP) Twins : RHP Ruben Torres
|
|
Batting: SHB Detlef Oursler
|
0-0: Ball 1-0: Called Strike 1-1: TRIPLE (Flyball, 9LD, EV 103.1 MPH)
|
|
Batting: RHB Clay Statum
|
0-0: Foul Ball, location: 2F 0-1: Called Strike 0-2: Ball 1-2: Strikes out looking
|
|
Batting: RHB Chris Van Niel
|
0-0: Ball 1-0: Ground out 4-3 (Groundball, 4S, EV 85.6 MPH) Detlef Oursler scores
|
|
Batting: SHB Raghnall Ahearne
|
0-0: Fly out, F5 (Line Drive, 5, EV 71.3 MPH)
|
| Bottom of the 6th over - 1 run, 1 hit, 0 errors, 0 left on base; Minnesota (NYP) 5 - Everett 11 |
| TOP OF THE 7TH |
|
Minnesota (NYP) Twins batting - Pitching for Everett AquaSox : RHP Jose Albarran
|
|
Pitching: LHP Ed Gilroy
|
|
|
Batting: RHB Manuel Juarez
|
0-0: Ball 1-0: Ball 2-0: Called Strike 2-1: Called Strike 2-2: Strikes out swinging
|
|
Batting: LHB Chris Munguia
|
0-0: Ball 1-0: Ball 2-0: Called Strike 2-1: Ball 3-1: Base on Balls
|
|
Batting: LHB Seung-jun Chang
|
0-0: Ball 1-0: Foul Ball, location: 2F 1-1: Ball Chris Munguia steals 2nd base (no throw) 2-1: Ball 3-1: Base on Balls Chris Munguia steals 3rd base (no throw)
|
|
Batting: RHB Miguel Diaz
|
0-0: Called Strike 0-1: Called Strike 0-2: Ball 1-2: Ball Seung-jun Chang steals 2nd base (no throw) 2-2: Strikes out swinging
|
|
Batting: RHB Sean Gould
|
0-0: Fly out, F7 (Line Drive, 7, EV 90.6 MPH)
|
| Top of the 7th over - 0 runs, 0 hits, 0 errors, 2 left on base; Minnesota (NYP) 5 - Everett 11 |
| BOTTOM OF THE 7TH |
|
Everett AquaSox batting - Pitching for Minnesota (NYP) Twins : RHP Ruben Torres
|
|
Batting: LHB Kenny Gerrity
|
0-0: Swinging Strike 0-1: Ball 1-1: Ground out 5-3 (Groundball, 56, EV 107.5 MPH)
|
|
Batting: RHB John Peterson
|
0-0: SOLO HOME RUN (Flyball, 78XD, EV 98.1 MPH), Distance : 389 ft
|
|
Batting: RHB Robby Cuellar
|
0-0: Ball 1-0: Ball 2-0: Fly out, F7 (Flyball, 7, EV 85.6 MPH)
|
|
Batting: RHB Justin Colella
|
0-0: Ball 1-0: Ball 2-0: Called Strike 2-1: Ball 3-1: Base on Balls
|
|
Batting: LHB Omar Colunga
|
0-0: Called Strike 0-1: Fly out, F5 (Line Drive, 5, EV 66.9 MPH)
|
| Bottom of the 7th over - 1 run, 1 hit, 0 errors, 1 left on base; Minnesota (NYP) 5 - Everett 12 |
| TOP OF THE 8TH |
|
Minnesota (NYP) Twins batting - Pitching for Everett AquaSox : LHP Ed Gilroy
|
|
Batting: RHB David Nardone
|
0-0: Fly out, F9 (Flyball, 9, EV 90.6 MPH)
|
|
Batting: RHB Graham Calvert
|
0-0: Ball 1-0: Foul Ball, location: 2F 1-1: Foul Ball, location: 2F 1-2: Foul Ball, location: 2F 1-2: Ball 2-2: Strikes out swinging
|
|
Batting: RHB Tony Crespo
|
0-0: Ball 1-0: Foul Ball, location: 2F 1-1: Foul Ball, location: 2F 1-2: Foul Ball, location: 2F 1-2: Foul Ball, location: 2F 1-2: Foul Ball, location: 2F 1-2: Strikes out looking
|
| Top of the 8th over - 0 runs, 0 hits, 0 errors, 0 left on base; Minnesota (NYP) 5 - Everett 12 |
| BOTTOM OF THE 8TH |
|
Everett AquaSox batting - Pitching for Minnesota (NYP) Twins : RHP Ruben Torres
|
|
Batting: SHB Detlef Oursler
|
0-0: Ball 1-0: Swinging Strike 1-1: Foul Ball, location: 2F 1-2: SOLO HOME RUN (Flyball, 89XD, EV 103.1 MPH), Distance : 407 ft
|
|
Batting: RHB Clay Statum
|
0-0: Called Strike 0-1: Swinging Strike 0-2: Ball 1-2: Foul Ball, location: 2F 1-2: Foul Ball, location: 2F 1-2: Foul Ball, location: 2F 1-2: Ball 2-2: Ball 3-2: Foul Ball, location: 2F 3-2: Base on Balls
|
|
Pitching: LHP Brian Zick
|
|
|
Batting: RHB Chris Van Niel
|
0-0: Called Strike 0-1: Ball 1-1: Ball 2-1: Called Strike 2-2: Fly out, F7 (Line Drive, 7D, EV 92.5 MPH)
|
|
Batting: SHB Raghnall Ahearne
|
0-0: Swinging Strike 0-1: Ball 1-1: Ball Wild Pitch! Clay Statum to second 2-1: SINGLE (Line Drive, 89M, EV 106.3 MPH) Clay Statum to third
|
|
Batting: LHB Kenny Gerrity
|
0-0: Swinging Strike 0-1: Foul Ball, location: 2F 0-2: Foul Ball, location: 2F 0-2: Foul Ball, location: 2F 0-2: Fly out, F8 (Line Drive, 8LD, EV 91.9 MPH) Runner from 3rd tags up, SCORES, throw by CF
|
|
Batting: RHB John Peterson
|
0-0: Swinging Strike 0-1: Called Strike 0-2: Foul Ball, location: 2F 0-2: Ball 1-2: Foul Ball, location: 2F 1-2: Ball 2-2: Ball 3-2: Base on Balls Raghnall Ahearne to second
|
|
Batting: RHB Robby Cuellar
|
0-0: Ball 1-0: Ball 2-0: Ball 3-0: Base on Balls Raghnall Ahearne to third John Peterson to second
|
|
Batting: RHB Justin Colella
|
0-0: Ball 1-0: Foul Ball, location: 2F 1-1: Ball 2-1: Swinging Strike 2-2: Ball 3-2: Foul Ball, location: 2F 3-2: Base on Balls Raghnall Ahearne scores John Peterson to third Robby Cuellar to second
|
|
Batting: LHB Omar Colunga
|
0-0: Ground out U3 (Groundball, 3, EV 89.4 MPH)
|
| Bottom of the 8th over - 3 runs, 2 hits, 0 errors, 3 left on base; Minnesota (NYP) 5 - Everett 15 |
| TOP OF THE 9TH |
|
Minnesota (NYP) Twins batting - Pitching for Everett AquaSox : LHP Ed Gilroy
|
|
Pitching: RHP Jace Daniels
|
|
|
Pinch Hitting: RHB Alex Loaiza
|
0-0: Called Strike 0-1: Ball 1-1: Ball 2-1: Ground out 4-3 (Groundball, 4M, EV 85.0 MPH)
|
|
Batting: RHB Manuel Juarez
|
0-0: Called Strike 0-1: Ball 1-1: Fly out, F9 (Flyball, 89M, EV 88.8 MPH)
|
|
Batting: LHB Chris Munguia
|
0-0: Called Strike 0-1: Called Strike 0-2: Foul Ball, location: 2F 0-2: Ground out U3 (Groundball, 3S, EV 88.8 MPH)
|
| Top of the 9th over - 0 runs, 0 hits, 0 errors, 0 left on base; Minnesota (NYP) 5 - Everett 15 |
|